 Dungeon Sprint DCSS version 0.27-a0-1144-g0b7d3b79db (webtiles) character file.

Game seed: 3393351392471167249

2573 Zeld the Zephyrmancer (level 9, 5/67 HPs)
             Began as an Octopode Air Elementalist on May 11, 2021.
             Was a Priest of Sif Muna.
             Quit the game in the Dungeon (Sprint V: "Ziggurat Sprint").
             The game lasted 00:03:08 (785 turns).

Zeld the Zephyrmancer (Octopode Air Elementalist)    Turns: 785, Time: 00:03:09

Health: 5/67       AC:  1    Str:  7    XL:     9   Next: 57%
Magic:  12/22      EV: 17    Int: 32    God:    Sif Muna [***...]
Gold:   0          SH:  0    Dex: 13    Spells: 14/26 levels left

rFire    . . .     SeeInvis .   (no weapon)
rCold    . . .     Faith    .   (no shield)
rNeg     . . .     Spirit   .   (helmet restricted)
rPois    .         Reflect  .   (no amulet)
rElec    .         Harm     .   u - +6 ring of intelligence
rCorr    .         Rampage  .   t - +6 ring of intelligence
Will     +....     NoTele   +   (no ring)
Stlth    +++.......             r - ring of willpower
HPRegen  0.21/turn              (no ring)
MPRegen  0.18/turn              (no ring)
                                (no ring)
                                (no ring)

@: no status effects
A: almost no armour, amphibious, 8 rings, camouflage 1, gelatinous body 1,
(nimble swimmer 1), tentacles
a: Renounce Religion, Channel Magic, Forget Spell


You were in the Dungeon.
You worshipped Sif Muna.
Sif Muna was most pleased with you.
You visited 1 branch

Inventory:

Armour
 j - a +3 tower shield
Jewellery
 r - a ring of willpower (on tentacle)
 t - a +6 ring of intelligence (right tentacle)
 u - a +6 ring of intelligence (left tentacle)
Wands
 q - a wand of mindburst (7)
 s - a wand of acid (7)
Scrolls
 l - 4 scrolls of amnesia
 m - 7 scrolls of fog
 n - a scroll of holy word
 o - 5 scrolls of identify
 p - a scroll of fear
Potions
 a - 2 potions of brilliance
 b - 10 potions of curing
 c - 10 potions of heal wounds
 d - 10 potions of haste
 e - 6 potions of magic
 f - 3 potions of berserk rage
 h - a potion of invisibility
 i - 4 potions of resistance
 k - 5 potions of might
Miscellaneous
 v - a lightning rod (3/4)


   Skills:
 + Level 8.6 Fighting
 + Level 8.9 Dodging
 - Level 2.6 Stealth
 + Level 9.0 Spellcasting
 - Level 1.0 Conjurations
 * Level 13.3 Air Magic
 * Level 8.1 Invocations


You had 14 spell levels left.
You knew the following spells:

 Your Spells              Type           Power      Damage    Failure   Level
a - Shock                 Conj/Air       100%       1d9       1%          1
b - Static Discharge      Conj/Air       57%        N/A       1%          2
c - Airstrike             Air            39%        N/A       1%          4
d - Lightning Bolt        Conj/Air       28%        1d45      4%          5

Your spell library contained the following spells:

 Spells                   Type           Power      Damage    Failure   Level
 Swiftness                Air            79%        N/A       1%          3
 Gell's Gravitas          Tloc           7%         N/A       10%         3
 Spider Form              Tmut/Pois      7%         N/A       10%         3
 Ice Form                 Ice/Tmut       14%        N/A       32%         4
 Summon Forest            Summ/Tloc      7%         N/A       67%         5


Dungeon Overview and Level Annotations

Branches:
Dungeon (1/1)

Altars:
Ashenzari
Cheibriados
Dithmenos
Elyvilon
Fedhas
Gozag
Hepliaklqana
Kikubaaqudgha
Makhleb
Nemelex Xobeh
Okawaru
Qazlal
Ru
Sif Muna
Trog
Uskayaw
Vehumet
Wu Jian
Xom
Yredelemnul
Zin
The Shining One
Beogh
Jiyva
Lugonu

Annotations:
D 1 transporter


Innate Abilities, Weirdness & Mutations

You cannot wear most types of armour.
You are amphibious.
You can wear up to eight rings at the same time.
Your skin changes colour to match your surroundings (Stealth+).
Your rubbery body absorbs attacks. (AC +1, EV +1)
((You are camouflaged near water. (Stealth+)))
You have tentacles for arms and can constrict up to eight enemies at once.


Message History

The bolt of lightning hits the earth elemental.
The earth elemental completely resists.
The bolt of lightning misses the deep elf zephyrmancer.
The deep elf zephyrmancer gestures wildly while chanting.
The deep elf zephyrmancer blinks!
Unknown command.
Aiming: Thunderbolt
Press: ? - help, Shift-Dir - straight line, p - deep elf zephyrmancer The thunderbolt hits the deep elf archer!
The deep elf archer is moderately wounded.
The thunderbolt hits the earth elemental.
The earth elemental completely resists.
The thunderbolt hits the fire elemental.
The fire elemental resists.
The fire elemental is lightly damaged.
The deep elf zephyrmancer points at you and mumbles some strange words.
The bolt of lightning hits the fire elemental.
The fire elemental resists.
The bolt of lightning misses you. The fire elemental hits you.
The fire elemental burns you!
* * * LOW HITPOINT WARNING * * *
Okay, then.
As you read the scroll of fear, it crumbles to dust.
You assume a fearsome visage.
The deep elf zephyrmancer easily resists.
The deep elf archer looks frightened!
The fire elemental is unaffected.
The earth elemental is unaffected.
The deep elf pyromancer looks frightened!
The fire elemental hits you. The fire elemental burns you!
* * * LOW HITPOINT WARNING * * *
The deep elf archer blinks!
The deep elf zephyrmancer casts a spell.
The deep elf zephyrmancer blinks!
The deep elf pyromancer mumbles some strange words.
The deep elf pyromancer blinks!
The earth elemental barely misses you.
Saving game... please wait.
Level annotation: 1 transporter Welcome back, Zeld the Octopode Air Elementalist.
Sif Muna whispers: I know many secrets...
Press ? for a list of commands and other information.
Are you sure you want to abandon this character and quit the game? (Confirm with "yes".)

▓..©..▓..©..▓▓▓▓▓▓▓
▓▓▓▓▓▓▓▓▓▓▓▓▓▓▓▓▓▓▓
▓..8©8...▓..8©8...▓
▓..[)[...▓.§:==...▓
▓...)))..▓.e)°...e▓
▓........▓..○.....▓
▓...)....▓........▓
▓..).....▓..EE....▓
▓...©....▓...@.e..▓
▓▓▓▓▓▓▓▓▓▓▓▓▓▓▓▓▓▓▓


You could see a deep elf archer (repels missiles, fleeing), an earth elemental,
a deep elf pyromancer (fleeing), a deep elf zephyrmancer and a fire elemental.

Vanquished Creatures
  2 two-headed ogres (D)
  2 merfolk (D)
  A slime creature (D)
  A fire elemental (D)
  3 hell hounds (D)
  A floating eye (D)
  2 ogres (D)
  A jelly (D)
13 creatures vanquished.

Notes
Turn   | Place    | Note
-------+----------+-------------------------------------------
     0 | D        | Zeld the Octopode Air Elementalist began the quest for the
                  | Orb.
     0 | D        | Reached XP level 1. HP: 11/11 MP: 3/3
     0 | D        | Found a blossoming altar of Fedhas.
     1 | D        | Found the +6 Majin-Bo {vamp, MP+6 Int+6}
     1 | D        | Found the +9 heavy crossbow "Sniper" {vorpal, Acc+∞ SInv}
     1 | D        | Found the +10 dark maul {vorpal}
     1 | D        | Found the +15 Maxwell's patent armour {-Cast -Tele rElec
                  | Will+ rCorr}
     1 | D        | Found the +18 shield of the Gong {rElec rN+ Will+ EV-5}
     1 | D        | Found the +14 obsidian axe {vorpal, Drain Fly SInv}
     1 | D        | Found the +7 great mace "Firestarter" {inner flame, rF++}
     1 | D        | Found the +6 shillelagh "Devastator" {shatter}
     1 | D        | Found the +11 plutonium sword {Contam Stlth-}
     1 | D        | Found the +8 lance "Wyrmbane" {slay drac, rPois rF+ rC+
                  | AC+3}
     1 | D        | Found the +9 sword of Zonguldrok {reap}
     1 | D        | Found the +13 scythe of Curses {drain, Drain}
     1 | D        | Found the +5 sword of Power {vorpal}
     1 | D        | Found the +7 mace of Variability {chain chaos}
     1 | D        | Found the +7 Singing Sword {vorpal, sonic wave}
     1 | D        | Found the +8 storm bow {elec, penet}
     1 | D        | Found a shimmering blue altar of Sif Muna.
     1 | D        | Found a sacrificial altar of Ru.
     1 | D        | Found a bloodstained altar of Trog.
     1 | D        | Found a stormy altar of Qazlal.
     1 | D        | Found an iron altar of Okawaru.
     1 | D        | Found a sparkling altar of Nemelex Xobeh.
     3 | D        | Found a transporter.
     3 | D        | Found an ancient bone altar of Kikubaaqudgha.
     3 | D        | Found a viscous altar of Jiyva.
     3 | D        | Found a corrupted altar of Lugonu.
     3 | D        | Found a hazy altar of Hepliaklqana.
     3 | D        | Found a burning altar of Makhleb.
     3 | D        | Found an opulent altar of Gozag.
    15 | D        | Reached skill level 6 in Air Magic
    15 | D        | Reached XP level 2. HP: 17/17 MP: 4/7
    44 | D        | Became a worshipper of Sif Muna the Loreminder
    58 | D        | Entered arena 2.
    58 | D        | Noticed a merfolk
    58 | D        | Noticed a merfolk
    58 | D        | Found a transporter.
    64 | D        | Killed a merfolk
    65 | D        | Reached skill level 5 in Spellcasting
    65 | D        | Reached skill level 9 in Air Magic
    65 | D        | Reached XP level 3. HP: 19/27 MP: 8/10
    65 | D        | Reached XP level 4. HP: 23/33 MP: 8/11
    65 | D        | Reached XP level 5. HP: 26/37 MP: 9/13
    65 | D        | Killed a merfolk
    66 | D        | Reached skill level 5 in Fighting
    66 | D        | Reached skill level 5 in Dodging
    66 | D        | Reached skill level 10 in Air Magic
    66 | D        | Reached XP level 6. HP: 32/45 MP: 9/15
    69 | D        | Learned a level 2 spell: Static Discharge
    74 | D        | Learned a level 4 spell: Airstrike
    80 | D        | Learned a level 5 spell: Lightning Bolt
   102 | D        | Got the ring of Kiaxzep {rC- AC+4 Str+7}
   128 | D        | Entered arena 3.
   128 | D        | Noticed a slime creature
   128 | D        | Noticed a floating eye
   128 | D        | Found a transporter.
   133 | D        | Reached * piety under Sif Muna
   134 | D        | Reached XP level 7. HP: 47/50 MP: 3/17
   134 | D        | Killed a slime creature
   135 | D        | Reached skill level 11 in Air Magic
   144 | D        | Got the ring of Owaaf {rN+ Str+9}
   148 | D        | Got Waoseag's Disquisition on Shifting Orientation
   224 | D        | Entered arena 4.
   224 | D        | Noticed a fire elemental
   224 | D        | Found a transporter.
   226 | D        | Reached ** piety under Sif Muna
   227 | D        | Reached skill level 1 in Invocations
   227 | D        | Reached XP level 8. HP: 34/58 MP: 19/19
   232 | D        | Reached *** piety under Sif Muna
   233 | D        | Reached skill level 12 in Air Magic
   580 | D        | Entered arena 5.
   580 | D        | Noticed a two-headed ogre
   580 | D        | Noticed a two-headed ogre
   580 | D        | Found a transporter.
   588 | D        | Killed a two-headed ogre
   589 | D        | Reached XP level 9. HP: 41/66 MP: 11/21
   593 | D        | Killed a two-headed ogre
   594 | D        | Reached skill level 13 in Air Magic
   780 | D        | Entered arena 6.
   780 | D        | Noticed a deep elf zephyrmancer
   780 | D        | Noticed a deep elf archer
   780 | D        | Noticed a deep elf pyromancer
   780 | D        | Found a transporter.
   785 | D        | Quit the game

Illustrated notes

Levels and vault maps discovered:
D:        sprint_v [room_start, room_1, room_2, room_3, room_4, room_5, room_6,
          room_7, room_8, room_9, room_10, room_11, room_12, room_13, room_14,
          room_15, room_16, room_17, room_18, room_19, room_20, room_21,
          room_22, room_23, room_24, room_25, room_26, room_27]

Skill      XL: |  1  2  3  4  5  6  7  8  9 |
---------------+----------------------------+-----
Spellcasting   | 4 5 6 7 8 9 |  9.0
Air Magic      | 6 9 10 11 12 13 | 13.3
Fighting       | 4 5 6 8 |  8.6
Dodging        | 4 5 6 7 8 |  8.9
Invocations    | 1 6 8 |  8.1
Stealth        | |  2.6
Conjurations   | |  1.0

Action                   |  1- 3 |  4- 6 |  7- 9 || total
-------------------------+-------+-------+-------++-------
 Cast: Airstrike         |       |     3 |       ||     3
       Lightning Bolt    |       |       |    10 ||    10
Invok: Channel Magic     |       |       |     1 ||     1
Evoke: Lightning rod     |     3 |     1 |     5 ||     9
       Wand              |     1 |     2 |     4 ||     7
  Use: Potion            |     2 |       |     1 ||     3
       Scroll            |     1 |       |     4 ||     5
Armor: Skin              |       |       |     1 ||     1
Dodge: Dodged            |     2 |       |     5 ||     7

Table legend: (Time is in decaauts)
 A = Elapsed time spent in this place.
 B = Non-inter-level travel time spent in this place.
 C = Inter-level travel time spent in this place.
 D = Time resting spent in this place.
 E = Time spent auto-exploring this place.
 F = Levels seen in this place.
 G = Mean time per level.
                   A        B        C        D        E       F      G
               +--------+--------+--------+--------+--------+-----+--------+
         Total |    782 |    782 |      0 |    620 |      0 |   1 |  782.0 |
       Dungeon |    782 |    782 |      0 |    620 |      0 |   1 |  782.0 |
               +--------+--------+--------+--------+--------+-----+--------+

Top non-repeatable levels by time:
       D: 782 daAuts
